 Dungeon Crawl Stone Soup version 0.22-a0-601-gb0ed703ee0 (webtiles) character file.

3808 Geomchi the Fighter (level 10, 107/107 HPs)
             Began as an Ogre Ice Elementalist on Apr 28, 2018.
             Was a Believer of Vehumet.
             Quit the game on level 8 of the Dungeon on July 6, 2018.
             The game lasted 00:21:09 (14389 turns).

Geomchi the Fighter (Ogre Ice Elementalist)        Turns: 14389, Time: 00:21:10

Health: 107/107    AC:  8    Str: 14    XL:     10   Next: 17%
Magic:  20/20      EV: 10    Int: 19    God:    Vehumet [**....]
Gold:   396        SH:  3    Dex:  9    Spells: 11/23 levels left

rFire    . . .     SeeInvis .   e - -3 short sword (curse)
rCold    . . .     Gourm    .   (no shield)
rNeg     . . .     Faith    .   a - +0 robe
rPois    .         Spirit   .   F - +2 hat {MR+}
rElec    .         Reflect  +   r - +2 cloak
rCorr    .         Harm     .   (gloves unavailable)
MR       ++...                  (boots unavailable)
Stlth    ..........             f - +3 amulet of reflection
HPRegen  0.27/turn              t - ring of loudness (curse)
MPRegen  0.17/turn              A - ring of wizardry

@: no status effects
A: large, unfitting armour, tough skin 1
a: Renounce Religion


You were on level 8 of the Dungeon.
You worshipped Vehumet.
Vehumet was pleased with you.
You were hungry.

You visited 2 branches of the dungeon, and saw 10 of its levels.

You collected 396 gold pieces.

Inventory:

Hand Weapons
 b - a +0 dagger
 e - a cursed -3 short sword (weapon)
 n - a cursed -1 falchion
Armour
 a - a +0 robe (worn)
 i - a +0 shield
 r - a +2 cloak (worn)
 F - a +2 hat of magic resistance (worn)
Jewellery
 f - a +3 amulet of reflection (around neck)
 t - a cursed ring of loudness (left hand)
 A - a ring of wizardry (right hand)
Wands
 h - a wand of acid (4)
 x - a wand of flame (3)
 y - a wand of iceblast (16)
 z - a wand of paralysis (21)
 E - a wand of random effects (27)
Scrolls
 w - 3 scrolls of teleportation
 B - a scroll of torment {unknown}
 D - 2 scrolls of identify
Potions
 d - 3 potions of flight
 g - 2 potions of magic
 j - 2 potions of curing {unknown}
 k - a potion of brilliance {unknown}
 l - a potion of ambrosia {unknown}
 m - a potion of cancellation {unknown}
 o - 2 potions of lignification {unknown}
 p - a potion of mutation {unknown}
 q - 2 potions of haste {unknown}
 u - a potion of heal wounds
 v - 3 potions of berserk rage {unknown}
Comestibles
 c - 18 rations


   Skills:
 + Level 9.0 Fighting
 - Level 1.7 Dodging
 - Level 1.4 Stealth
 + Level 7.3 Spellcasting
 + Level 6.7 Conjurations
 - Level 3.3 Summonings
 + Level 6.9 Ice Magic


You had 11 spell levels left.
You knew the following spells:

 Your Spells              Type           Power        Failure   Level  Hunger
a - Magic Dart            Conj           ####         1%          1    None
b - Freeze                Ice            ####         1%          1    None
c - Throw Icicle          Conj/Ice       ####....     2%          4    ###....
d - Summon Ice Beast      Ice/Summ       ####....     4%          4    ###....
n - Throw Frost           Conj/Ice       ####..       1%          2    None

Your spell library contained the following spells:

 Spells                   Type           Power        Failure   Level  Hunger
 Summon Small Mammal      Summ           ###.         1%          1    None
 Animate Dead             Necr           N/A          36%         4    ###....
 Pain                     Necr           #...         4%          1    None
 Animate Skeleton         Necr           N/A          4%          1    None
 Vampiric Draining        Necr           #.........   12%         3    #......
 Ozocubu's Armour         Chrm/Ice       ###.....     2%          3    #......
 Call Imp                 Summ           ###.....     1%          2    None
 Regeneration             Chrm/Necr      #.........   12%         3    #......
 Call Canine Familiar     Summ           ###.....     3%          3    #......
 Shroud of Golubria       Chrm/Tloc      #.........   6%          2    None
 Infusion                 Chrm           #...         4%          1    None
 Song of Slaying          Chrm           #.......     6%          2    None
 Spectral Weapon          Hex/Chrm       #.......     12%         3    #......
 Summon Lightning Spire   Summ/Air       ##......     19%         4    ###....
 Summon Guardian Golem    Hex/Summ       ##......     6%          3    #......


Dungeon Overview and Level Annotations

Branches:
Dungeon (9/15)             Temple (1/1) D:4
   Lair: D:8-11         Orc: D:9-12

Altars:
Ashenzari
Cheibriados
Elyvilon
Gozag
Hepliaklqana
Kikubaaqudgha
Makhleb
Nemelex Xobeh
Okawaru
Qazlal
Ru
Sif Muna
Uskayaw
Vehumet
Wu Jian
Xom
Yredelemnul
Zin
The Shining One

Annotations:
D:3 motoroller71's ghost, amateur GnGl
D:9 dricus's ghost, novice DsAK


Innate Abilities, Weirdness & Mutations

You are too large for most types of armour.
You have tough skin. (AC +1)


Message History

Dricus's ghost barely misses your ice beast.
Your ice beast hits dricus's ghost but does no damage.
Dricus's ghost hits your ice beast! Dricus's ghost melts your ice beast.
Your ice beast hits dricus's ghost.
Your ice beast freezes dricus's ghost.
Dricus's ghost resists.
Your ice beast hits dricus's ghost but does no damage.
Dricus's ghost hits your ice beast! Dricus's ghost melts your ice beast.
Your ice beast dies!
Your ice beast hits dricus's ghost but does no damage.
Your ice beast barely misses dricus's ghost.
You climb upwards.
Your summoned allies are left behind.
There is a stone staircase leading down here.
There is an open door here.
There is a stone staircase leading down here.
You regained 5 mp, and now have 14/20 mp.
You start resting.
MP restored: 20 Saving game... please wait.
Welcome back, Geomchi the Ogre Ice Elementalist.
Vehumet says: Let it end in hellfire!

#.#.# #### #.#.#
...# #.#.# ...#
#.#.# ...# #.#.#
...# #.#.# ...#
#.#.#
##########.#.#####
......[.........@#
######.###########
...........#
######.###.# ##
#.# #.#
.#####'###.#
.#......##.#
........##.#
........##.#


There were no monsters in sight!

Vanquished Creatures
  Eustachio (D:4)
  A hungry ghost (D:7)
  A sky beast (D:6)
  2 ice beasts
  An ogre (D:6)
  A centaur (D:6)
  A bullfrog (D:6)
  2 scorpions
  A killer bee (D:8)
  A wight (D:8)
  2 crimson imps (D:7)
  3 howler monkeys (D:7)
  2 centaur zombies (D:7)
  An orc priest (D:6)
  A hound (D:5)
  5 orc wizards
  An iguana (D:5)
  7 worker ants
  Robin (D:3)
  A worker ant zombie (D:6)
  14 adders
  7 gnolls
  A shadow imp (D:8)
  2 oozes
  2 adder skeletons
  9 worms
  2 dart slugs (D:1)
  2 leopard geckos
  22 orcs
  9 bats
  4 giant cockroaches
  11 goblins
  11 hobgoblins
  9 kobolds
  A quokka (D:2)
  A ball python skeleton (D:4)
  3 frilled lizards
  2 quokka zombies
  5 rats
153 creatures vanquished.

Vanquished Creatures (collateral kills)
  Gastronok (D:8)
  A two-headed ogre (D:8)
  2 hornets (D:8)
  A soldier ant (D:8)
  An ice beast (D:8)
  A black bear (D:7)
  A sky beast (D:8)
  A centaur (D:7)
  A scorpion (D:8)
  2 killer bees (D:8)
  6 wights
  A crimson imp (D:7)
  A jelly (D:8)
  An orc wizard (D:7)
  An iguana (D:7)
  4 worker ants (D:8)
  An adder (D:8)
  A leopard gecko (D:8)
  3 orcs
  A leopard gecko zombie (D:7)
32 creatures vanquished.

Vanquished Creatures (others)
  An orc (D:7)
  4 bushes (D:7)
5 creatures vanquished.

Grand Total: 190 creatures vanquished

Notes
Turn   | Place    | Note
-------+----------+-------------------------------------------
     0 | D:1      | Geomchi the Ogre Ice Elementalist began the quest for the Orb.
     0 | D:1      | Reached XP level 1. HP: 16/16 MP: 3/3
    32 | D:1      | Reached skill level 1 in Fighting
   130 | D:1      | Reached XP level 2. HP: 26/27 MP: 3/5
   134 | D:1      | Learned a level 2 spell: Throw Frost
   138 | D:1      | Reached skill level 1 in Conjurations
   596 | D:1      | Reached XP level 3. HP: 30/35 MP: 4/6
   799 | D:1      | Reached skill level 2 in Fighting
  1441 | D:2      | Found an ornate altar of the Wu Jian Council.
  2274 | D:2      | Reached XP level 4. HP: 44/44 MP: 4/7
  3020 | D:3      | Noticed Robin
  3162 | D:3      | Killed Robin
  3162 | D:3      | Reached skill level 3 in Fighting
  3162 | D:3      | Reached XP level 5. HP: 53/53 MP: 3/8
  4168 | D:3      | Noticed motoroller71's ghost (amateur GnGl)
  4619 | D:4      | Found a staircase to the Ecumenical Temple.
  4624 | D:4      | Noticed Eustachio
  5065 | Temple   | Entered the Ecumenical Temple
  5182 | Temple   | Became a worshipper of Vehumet
  5642 | D:4      | Reached XP level 6. HP: 62/62 MP: 4/9
  5833 | D:4      | Killed Eustachio
  5833 | D:4      | Reached skill level 4 in Fighting
  6473 | D:5      | Entered Level 5 of the Dungeon
  6573 | D:5      | Reached XP level 7. HP: 51/71 MP: 7/11
  7451 | D:5      | Reached skill level 5 in Fighting
  7816 | D:6      | Reached * piety under Vehumet
  7816 | D:6      | Offered knowledge of Shock by Vehumet.
  8011 | D:6      | Reached XP level 8. HP: 56/81 MP: 8/14
  8443 | D:5      | Reached skill level 5 in Ice Magic
  8619 | D:5      | Reached skill level 6 in Fighting
  8985 | D:6      | Reached skill level 5 in Conjurations
  8991 | D:6      | Reached skill level 5 in Spellcasting
  9070 | D:6      | Learned a level 4 spell: Throw Icicle
 10105 | D:7      | Reached skill level 7 in Fighting
 10120 | D:7      | Reached XP level 9. HP: 80/93 MP: 17/17
 10126 | D:7      | Learned a level 4 spell: Summon Ice Beast
 10207 | D:7      | Reached ** piety under Vehumet
 10207 | D:7      | Offered knowledge of Magic Dart by Vehumet.
 10221 | D:7      | Learned a level 1 spell: Magic Dart
 10471 | D:7      | Reached skill level 1 in Summonings
 11191 | D:8      | Noticed a two-headed ogre
 11207 | D:8      | Killed a two-headed ogre
 11207 | D:8      | Reached skill level 8 in Fighting
 11578 | D:8      | Noticed Gastronok
 11683 | D:8      | Killed Gastronok
 11683 | D:8      | Offered knowledge of Searing Ray by Vehumet.
 11683 | D:8      | Reached XP level 10. HP: 62/106 MP: 6/20
 12141 | D:8      | Noticed a two-headed ogre
 13112 | D:8      | Paralysed by a hornet for 1 turns
 13115 | D:8      | Paralysed by a hornet for 1 turns
 13488 | D:8      | Paralysed by a hornet for 3 turns
 13814 | D:8      | Paralysed by a hornet for 2 turns
 13818 | D:8      | Paralysed by a hornet for 3 turns
 13824 | D:8      | Paralysed by a hornet for 3 turns
 13825 | D:8      | Reached skill level 9 in Fighting
 14318 | D:9      | Noticed dricus's ghost (novice DsAK)
 14389 | D:8      | Quit the game

Vault maps used:
D:1:      lemuel_arrival_behind_the_door_large, fountainhead, st_stairs_6,
          minmay_pentomino_z2
D:2:      overflow_temple_1_default, first_ration, kennysheep_generic_room_11
D:3:      kennysheep_nondescript, minmay_misc_feat_alley, uniq_robin
D:4:      minmay_temple_entry_grid, cheibrodos_sewer_entry_bend, uniq_eustachio
D:7:      nicolae_overflow_hidden_temple, minmay_hedge_maze,
          hangedman_abyss_or_decor_lesser_grid
D:8:      hangedman_pestilent_swarm, uniq_gastronok
D:9:      overflow_temple_1_default, erik_orc_2
Temple:   regret_index_temple_mists

Skill      XL: |  1  2  3  4  5  6  7  8  9 10 |
---------------+-------------------------------+-----
Fighting       | 1 2 3 4 5 7 8 9 |  9.0
Conjurations   | 1 2 3 4 5 6 |  6.7
Ice Magic      | 3 4 5 6 |  6.9
Spellcasting   | 3 4 5 7 |  7.3
Summonings     | 3 |  3.3
Dodging        | |  1.7
Stealth        | |  1.4

Action                   |  1- 3 |  4- 6 |  7- 9 | 10-12 || total
-------------------------+-------+-------+-------+-------++-------
Melee: Dagger            |     5 |       |       |       ||     5
       Short sword       |    22 |    52 |    76 |    24 ||   174
 Cast: Freeze            |    44 |   120 |   116 |     3 ||   283
       Throw Frost       |    11 |    48 |    32 |       ||    91
       Throw Icicle      |       |       |     6 |     1 ||     7
       Summon Ice Beast  |       |       |    34 |    36 ||    70
       Magic Dart        |       |       |    13 |    16 ||    29
Evoke: Wand              |       |       |    16 |     1 ||    17
  Use: Scroll            |       |     8 |     3 |     4 ||    15
       Potion            |       |       |     2 |       ||     2
 Stab: Sleeping          |     3 |       |       |       ||     3
       Paralysed         |       |       |    10 |       ||    10
  Eat: Chunk             |     4 |    12 |    17 |     3 ||    36
       Ration            |       |     2 |     1 |     3 ||     6
Armor: Robe              |    15 |    41 |    60 |    39 ||   155
Dodge: Dodged            |    31 |    66 |   116 |    14 ||   227
Block: Other             |       |       |    16 |     1 ||    17
       Reflection        |       |       |     3 |       ||     3

Table legend:
 A = Spawn XP
 B = Non-spawn XP
 C = Spawn XP percentage of total XP
 D = Spawn monster count
 E = Non-spawn monster count
 F = Spawn count percentage of total count
 G = Total turns spent on level
                    A         B        C        D         E        F      G
               +---------+---------+-------+---------+---------+-------+---------
         Total |       0 |    5441 |   0.0 |       0 |     186 |   0.0 | 14389
               +---------+---------+-------+---------+---------+-------+---------
           D:1 |       0 |      45 |   0.0 |       0 |      26 |   0.0 |  1549
           D:2 |       0 |      97 |   0.0 |       0 |      15 |   0.0 |  1596
           D:3 |       0 |     121 |   0.0 |       0 |      32 |   0.0 |  1799
           D:4 |       0 |     378 |   0.0 |       0 |      17 |   0.0 |  1702
           D:5 |       0 |     435 |   0.0 |       0 |      19 |   0.0 |  1198
           D:6 |       0 |     805 |   0.0 |       0 |      25 |   0.0 |  1856
           D:7 |       0 |    1017 |   0.0 |       0 |      24 |   0.0 |  1451
           D:8 |       0 |    2543 |   0.0 |       0 |      28 |   0.0 |  3091
               +---------+---------+-------+---------+---------+-------+---------
